 Dungeon Crawl Stone Soup version 0.25.0-15-gac7dcb8 (webtiles) character file.

Game seed: 95701247543698907

153458 Balder the Severer (level 17, 0/150 HPs)
             Began as a Minotaur Berserker on June 29, 2020.
             Was a High Priest of Trog.
             Slain by a slime creature (5 damage)
             ... while petrified by you
             ... on level 13 of the Dungeon.
             The game lasted 01:59:55 (22737 turns).

Balder the Severer (Minotaur Berserker)            Turns: 22737, Time: 01:59:55

Health: 0/150      AC: 19    Str: 34    XL:     17   Next: 4%
Magic:  7/7        EV:  2    Int:  4    God:    Trog [*****.]
Gold:   1956       SH:  0    Dex: 15    Spells: 16/16 levels left

rFire    + + .     SeeInvis .   b - +7 broad axe of Compassion {holy, rElec MP-9 Str+2}
rCold    . . .     Gourm    .   p - +2 tower shield
rNeg     + + +     Faith    .   t - +0 plate armour {rF+}
rPois    ∞         Spirit   .   x - +2 hat
rElec    +         Reflect  +   f - +0 cloak
rCorr    .         Harm     .   (no gloves)
MR       +....                  (no boots)
Stlth    ..........             z - amulet of reflection
HPRegen  0.35/turn              B - +6 ring of strength
MPRegen  0.10/turn              k - ring of protection from fire

@: petrified, studying Armour
A: retaliatory headbutt, horns 2, repulsion field 1, low mp 1, strong 1
a: Berserk, Trog's Hand, Brothers in Arms, Renounce Religion


You were on level 13 of the Dungeon.
You worshipped Trog.
Trog was extremely pleased with you.
You were not hungry.

You visited 3 branches of the dungeon, and saw 21 of its levels.
You visited the Abyss 1 time.
You also visited: Bailey.

You collected 2629 gold pieces.
You spent 673 gold pieces at shops.

Inventory:

Hand Weapons
 a - a +7 broad axe of freezing
 b - the +7 broad axe of Compassion (weapon) {holy, rElec MP-9 Str+2}
   (You bought it in a shop on level 4 of the Dungeon)

   It has been blessed by the Shining One to cause great damage to the undead
   and demons.
   It affects your strength (+2).
   It insulates you from electricity.
   It affects your magic capacity (-9).
 i - a +2 broad axe of flaming
 q - a +2 hand axe of draining
 L - a +3 vorpal broad axe
 O - the +8 glaive of the Guard {elec, +Rage AC+5 SInv}
   (You found it on level 7 of the Dungeon)

   Occasionally, upon striking a foe, it will discharge some electrical energy
   and cause terrible harm.
   It affects your AC (+5).
   It lets you see invisible.
   It lets you go berserk.
Missiles
 l - 84 poisoned darts (quivered)
 J - 20 boomerangs
Armour
 f - a +0 cloak (worn)
 p - a +2 tower shield (worn)
 t - a +0 plate armour of fire resistance (worn)
 x - a +2 hat (worn)
 N - a +3 plate armour
Jewellery
 d - an uncursed amulet of the acrobat
 k - a ring of protection from fire (right hand)
 z - an amulet of reflection (around neck)
 B - a +6 ring of strength (left hand)
Wands
 n - a wand of disintegration (43)
 s - a wand of random effects (18)
 y - a wand of iceblast (11)
 H - a wand of enslavement (7)
 K - a wand of flame (36)
 M - a wand of polymorph (21)
Scrolls
 e - 5 scrolls of magic mapping
 o - 2 scrolls of fog
 r - 7 scrolls of teleportation
 u - a scroll of blinking
 v - 5 scrolls of remove curse
 I - 3 scrolls of identify
Potions
 g - 2 potions of magic
 j - 5 potions of curing
 m - 2 potions of heal wounds
 A - a potion of flight {unknown}
 D - 8 potions of might
Books
 G - a manual of Armour
Miscellaneous
 h - a lightning rod (4/4)
 F - a box of beasts
Comestibles
 c - 26 rations


   Skills:
 * Level 13.5 Fighting
 - Level 18.0 Axes
 * Level 9.3 Throwing
 * Level 12.4 Armour
 * Level 10.3 Dodging
 + Level 1.5 Stealth
 * Level 14.2 Shields
   Level 3.7 Invocations


You had 16 spell levels left.
You didn't know any spells.
Your spell library contained the following spells:

 Spells                   Type           Power        Failure   Level  Hunger
 Infusion                 Chrm           #...         100%        1    ##.....
 Shroud of Golubria       Chrm/Tloc      #.....       100%        2    ###....
 Song of Slaying          Chrm           #.......     100%        2    ###....
 Ozocubu's Armour         Chrm/Ice       #.......     100%        3    ####...
 Spectral Weapon          Hex/Chrm       #.......     100%        3    ####...


Dungeon Overview and Level Annotations

Branches:
Dungeon (13/15)            Temple (0/1) D:5            Lair (6/6) D:11
  Swamp (0/4) Lair:2        Snake (0/4) Lair:4        Slime (0/5) Lair:5
    Orc (2/2) D:11            Elf (0/3) Orc:2        Bailey (visited)
 Vaults: D:13-14

Altars:
Ashenzari
Dithmenos
Gozag
Kikubaaqudgha
Nemelex Xobeh
Okawaru
Qazlal
Sif Muna
Trog
Vehumet
Zin
Beogh
Jiyva

Shops:
D:4 (   D:9 *   D:12 [*   Orc:2 (:*[

Annotations:
D:4 3 runed translucent doors, Icepheonix32's ghost, amateur TeAE
Orc:1 1 runed translucent door, Voleoc's ghost, journeyman GrFi


Innate Abilities, Weirdness & Mutations

You reflexively headbutt those who attack you in melee.
You have a pair of horns on your head.
You are surrounded by a mild repulsion field. (EV +2)
Your magical capacity is low. (-10% MP)
Your muscles are strong. (Str +2)


Message History

The orc completely misses you.
The slime creature hits you but does no damage. x2
The catoblepas gores you but does no damage.
The slime creature hits you. The orc hits you but does no damage.
The slime creature hits you but does no damage.
The catoblepas gores you but does no damage.
The slime creature hits you but does no damage.
The slime creature hits you!
* * * LOW HITPOINT WARNING * * *
The orc hits you but does no damage. The catoblepas gores you!!
* * * LOW HITPOINT WARNING * * *
The slime creature hits you.
* * * LOW HITPOINT WARNING * * *
The slime creature hits you.
* * * LOW HITPOINT WARNING * * *
The orc hits you but does no damage. The catoblepas gores you!
* * * LOW HITPOINT WARNING * * *
The slime creature hits you but does no damage.
The slime creature hits you!
You die...

........# #..+
..#.##### #..+
..#.####### ++#..##
........... ...$.
..####..... ....
........#######..#
......(.#.....'eo#
.######.#.(...lYD#
.# .....#J@# .#####
... #.J# ...... #.
#..# ..###+#'#
#..################
......o..
#.................#
.......
#........##........
......
#.....#...#........
...#..
###..............#.
.}.#..
##..##..#.###..#.


You could see a catoblepas, an eight-headed hydra (petrified), 2 slime
creatures, a deep elf mage, a wyvern and an orc.

Vanquished Creatures
  Gastronok (D:9)
  A tentacled starspawn (Abyss:2)
  An orc warlord (Orc:2)
  Harold (D:9)
  5 hydras
  The ghost of Zoobame the Devastator, a journeyman DEWz of Sif Muna (Lair:2)
  5 catoblepae
  A queen ant (Lair:2)
  9 death yaks (Lair:6)
  2 orc high priests (Orc:2)
  Sonja (D:10)
  An unseen horror (D:11)
  5 orc knights
  4 orc sorcerers
  5 ugly things
  2 black mambas
  A guardian serpent (Abyss:2)
  3 elephants (Lair:3)
  3 manticores
  9 spiny frogs
  3 gargoyles
  8 rime drakes
  5 komodo dragons
  An efreet (Abyss:2)
  A demonic crawler (Abyss:2)
  5 trolls
  4 slime creatures (D:13)
  A raiju (Abyss:2)
  Prince Ribbit (D:5)
  16 blink frogs
  3 dream sheep
  A large abomination (Abyss:2)
  7 hippogriffs
  Sigmund (D:2)
  52 yaks
  A ynoxinul (Abyss:2)
  14 wyverns
  Eustachio (D:6)
  5 basilisks
  4 fire bats (Abyss:2)
  A wraith (D:12)
  A neqoxec (Abyss:2)
  3 hungry ghosts
  Grum (D:9)
  7 wargs (Orc:2)
  5 nagas (Lair:4)
  20 soldier ants
  12 water moccasins
  7 porcupines
  A black bear (D:11)
  4 ice beasts
  35 orc warriors
  5 sky beasts
  2 eyes of draining
  A swamp drake (Lair:3)
  4 phantoms
  13 wolves
  2 necrophages (D:11)
  16 crocodiles
  5 centaurs
  6 ogres
  A small abomination (Abyss:2)
  4 big kobolds
  10 bullfrogs
  A wyvern zombie (D:10)
  A wyvern skeleton (D:8)
  8 scorpions
  6 killer bees
  13 wights
  2 electric eels (Lair:3)
  3 howler monkeys (D:7)
  4 crimson imps
  2 bullfrog zombies
  7 jellies
  A quasit (D:11)
  6 hounds
  3 centaur skeletons
  15 orc priests
  3 bullfrog skeletons
  28 orc wizards
  Jessica (D:2)
  A gnoll shaman (D:8)
  Terence (D:2)
  6 iguanas
  Natasha (thrice) (D:3)
  28 worker ants
  2 killer bee zombies
  A hound zombie (D:11)
  A hound skeleton (D:8)
  A worker ant zombie (D:11)
  Robin (D:2)
  9 gnolls
  8 adders
  5 shadow imps
  A white imp (Abyss:2)
  An ooze (D:3)
  4 worms
  2 dart slugs (D:2)
  6 leopard geckos
  118 orcs
  2 ball pythons
  8 bats
  4 giant cockroaches
  15 goblins
  11 hobgoblins
  7 jackals
  5 quokkas
  8 frilled lizards
  5 kobolds
  A quokka skeleton (D:5)
  14 rats
  3 fungi
  3 plants
  A starspawn tentacle (Abyss:2)
751 creatures vanquished.

Vanquished Creatures (collateral kills)
  An orc warlord (Orc:2)
  A hydra (Lair:6)
  A polar bear (Lair:6)
  3 dream sheep (Lair:6)
  A water moccasin (Lair:6)
  An orc warrior (Orc:2)
  A black bear (D:8)
  A centaur (D:8)
  3 killer bees (D:8)
  A gnoll shaman (D:8)
  A gnoll (D:8)
  A quokka (D:8)
16 creatures vanquished.

Vanquished Creatures (others)
  Nessos (Orc:2)
  A basilisk (Lair:4)
  6 fungi
  6 plants
  A starspawn tentacle (Abyss:2)
15 creatures vanquished.

Grand Total: 782 creatures vanquished

Notes
Turn   | Place    | Note
-------+----------+-------------------------------------------
     0 | D:1      | Balder the Minotaur Berserker began the quest for the Orb.
     0 | D:1      | Reached XP level 1. HP: 19/19 MP: 0/0
   174 | D:1      | Reached skill level 4 in Axes
   209 | D:1      | Reached XP level 2. HP: 27/27 MP: 1/1
   555 | D:1      | Reached ** piety under Trog
   555 | D:1      | Reached XP level 3. HP: 11/33 MP: 2/2
   955 | D:2      | Noticed Robin
   966 | D:2      | Killed Robin
   966 | D:2      | Reached skill level 1 in Throwing
  1057 | D:2      | Noticed Sigmund
  1072 | D:2      | Reached XP level 4. HP: 34/40 MP: 3/3
  1077 | D:2      | Killed Sigmund
  1077 | D:2      | Reached skill level 5 in Axes
  1077 | D:2      | Reached skill level 1 in Shields
  1077 | D:2      | Reached XP level 5. HP: 39/47 MP: 4/4
  1204 | D:2      | Noticed Terence
  1222 | D:2      | Killed Terence
  1264 | D:2      | Noticed Jessica
  1274 | D:2      | Killed Jessica
  1274 | D:2      | Reached skill level 6 in Axes
  1274 | D:2      | Reached XP level 6. HP: 49/53 MP: 5/5
  2418 | D:3      | Noticed Natasha
  2423 | D:3      | Killed Natasha
  2423 | D:3      | Reached *** piety under Trog
  2468 | D:3      | Found an opulent altar of Gozag.
  2676 | D:3      | Found an iron altar of Okawaru.
  2697 | D:3      | Noticed Natasha
  2704 | D:3      | Killed Natasha
  2807 | D:3      | Noticed Natasha
  2815 | D:3      | Killed Natasha
  3087 | D:3      | Found a glowing silver altar of Zin.
  3348 | D:4      | Found a shattered altar of Ashenzari.
  3432 | D:4      | Got a twisted dagger
  3480 | D:4      | Found a sparkling altar of Nemelex Xobeh.
  3489 | D:4      | Reached XP level 7. HP: 58/60 MP: 6/6
  3522 | D:4      | Found Bumuaph's Antique Weapon Shoppe.
  3533 | D:4      | Reached skill level 7 in Axes
  3781 | D:4      | Found a runed translucent gate.
  3781 | D:4      | Found a runed translucent gate.
  3781 | D:4      | Found a runed translucent gate.
  3802 | D:4      | Identified the +6 dagger of Qazlal's Benevolence {vorpal,
                  | rElec rN++ Dex-4 Stlth+} (You found it on level 4 of the
                  | Dungeon)
  3812 | D:4      | Noticed Icepheonix32's ghost (amateur TeAE)
  4031 | D:4      | Reached skill level 5 in Fighting
  4674 | D:4      | Bought a slimy broad axe for 261 gold pieces
  4675 | D:4      | Identified the +7 broad axe of Compassion {holy, rElec MP-9
                  | Str+2} (You bought it in a shop on level 4 of the Dungeon)
  4706 | D:5      | Entered Level 5 of the Dungeon
  4719 | D:5      | Reached skill level 8 in Axes
  4793 | D:5      | Noticed Prince Ribbit
  4805 | D:5      | Killed Prince Ribbit
  4805 | D:5      | Reached XP level 8. HP: 33/68 MP: 0/7
  4927 | D:5      | Reached skill level 5 in Armour
  5264 | D:5      | Found a staircase to the Ecumenical Temple.
  5360 | D:5      | Reached skill level 9 in Axes
  5364 | D:5      | Reached **** piety under Trog
  5846 | D:6      | Noticed Eustachio
  5862 | D:6      | Killed Eustachio
  5862 | D:6      | Reached XP level 9. HP: 64/75 MP: 0/8
  6148 | D:6      | Reached skill level 10 in Axes
  6485 | D:6      | Found a radiant altar of Vehumet.
  6806 | D:7      | Reached skill level 5 in Dodging
  6921 | D:7      | Found the +8 glaive of the Guard {elec, +Rage AC+5 SInv}
  6929 | D:7      | Reached skill level 5 in Shields
  7039 | D:7      | Reached skill level 11 in Axes
  7122 | D:8      | Found an ancient bone altar of Kikubaaqudgha.
  7191 | D:8      | Reached ***** piety under Trog
  7193 | D:8      | Reached XP level 10. HP: 77/86 MP: 0/9
  7277 | D:8      | Found a shimmering blue altar of Sif Muna.
  7678 | D:8      | Reached skill level 12 in Axes
  7714 | D:8      | Noticed a three-headed hydra
  7721 | D:8      | Killed a one-headed hydra
  8111 | D:9      | Noticed Harold
  8132 | D:9      | Killed Harold
  8132 | D:9      | Reached skill level 13 in Axes
  8132 | D:9      | Reached skill level 5 in Throwing
  8485 | D:9      | Found a stormy altar of Qazlal.
  8555 | D:9      | Reached XP level 11. HP: 94/94 MP: 1/10
  8633 | D:9      | Noticed Gastronok
  8648 | D:9      | Killed Gastronok
  8652 | D:9      | Noticed Grum
  8666 | D:9      | Killed Grum
  8719 | D:9      | Found Tiuraphascha's Elemental Accessories.
  8727 | D:9      | Bought a wand of iceblast (7) for 121 gold pieces
  8911 | D:9      | Found a bloodstained altar of Trog.
  9142 | D:10     | Entered Level 10 of the Dungeon
  9296 | D:10     | Noticed Sonja
  9310 | D:10     | Cast into level 2 of the Abyss (Sonja)
  9340 | Abyss:2  | Noticed a tentacled starspawn
  9350 | Abyss:2  | Killed a tentacled starspawn
  9442 | Abyss:2  | Reached skill level 14 in Axes
  9568 | D:10     | Escaped the Abyss
  9579 | D:10     | Killed Sonja
 10584 | D:11     | Reached XP level 12. HP: 57/104 MP: 2/11
 10630 | D:11     | Found a staircase to the Orcish Mines.
 11107 | D:11     | Noticed a four-headed hydra
 11118 | D:11     | Killed a one-headed hydra
 11200 | D:11     | Found a staircase to the Lair.
 11512 | Lair:1   | Entered Level 1 of the Lair of Beasts
 11561 | Lair:1   | Reached skill level 15 in Axes
 11566 | Lair:1   | Reached skill level 10 in Shields
 11982 | Lair:1   | Reached ****** piety under Trog
 12104 | Lair:1   | Noticed a six-headed hydra
 12117 | Lair:1   | Killed a two-headed hydra
 12117 | Lair:1   | Reached skill level 10 in Fighting
 12455 | Lair:2   | Received a gift from Trog
 12662 | Lair:2   | Gained mutation: Your magical capacity is low. (-10% MP)
                  | [potion of mutation]
 12662 | Lair:2   | Gained mutation: You are surrounded by a mild repulsion
                  | field. (EV +2) [potion of mutation]
 12662 | Lair:2   | Gained mutation: Your muscles are strong. (Str +2) [potion
                  | of mutation]
 12788 | Lair:2   | Noticed an eight-headed hydra
 12809 | Lair:2   | Killed a five-headed hydra
 12809 | Lair:2   | Reached skill level 1 in Stealth
 12809 | Lair:2   | Reached XP level 13. HP: 78/113 MP: 1/10
 12830 | Lair:2   | Found a staircase to the Swamp.
 13137 | Lair:2   | Reached skill level 10 in Armour
 13190 | Lair:2   | Received a gift from Trog
 13190 | Lair:2   | Reached skill level 16 in Axes
 13694 | Lair:2   | Found a large runed translucent door.
 13694 | Lair:2   | Found a large runed translucent door.
 13697 | Lair:2   | Noticed Zoobame's ghost (journeyman DEWz)
 13706 | Lair:2   | Killed Zoobame's ghost
 14017 | Lair:3   | Found an ancient bone altar of Kikubaaqudgha.
 15226 | Lair:4   | Received a gift from Trog
 15535 | Lair:4   | Reached skill level 17 in Axes
 15700 | Lair:4   | Found a staircase to the Snake Pit.
 16136 | Lair:5   | You fall into a shaft and drop 1 floor!
 16136 | Lair:6   | Entered Level 6 of the Lair of Beasts
 16493 | Lair:6   | Reached XP level 14. HP: 124/124 MP: 11/11
 16794 | Lair:5   | Found a staircase to the Slime Pits.
 16794 | Lair:5   | Found a viscous altar of Jiyva.
 18160 | Lair:6   | Got a crude mace
 18162 | Lair:6   | Identified the +5 mace "Apina" {pain, *Corrode rN++ Dex+4}
                  | (You found it on level 6 of the Lair of Beasts)
 18790 | D:12     | Found Harphajuewn's Armour Shoppe.
 18897 | D:12     | Reached skill level 18 in Axes
 18897 | D:12     | Reached XP level 15. HP: 134/134 MP: 2/14
 19000 | D:12     | Found Ulufount's Demolitions Depot.
 19107 | D:12     | Found a shadowy altar of Dithmenos.
 19257 | D:12     | Found a roughly hewn altar of Beogh.
 19578 | Orc:1    | Entered Level 1 of the Orcish Mines
 19925 | Orc:2    | Entered Level 2 of the Orcish Mines
 20010 | Orc:2    | Found Lesaet's Antique Weapon Shop.
 20020 | Orc:2    | Noticed Nessos
 20031 | Orc:2    | Killed Nessos
 20246 | Orc:2    | Paralysed by an orc sorcerer for 3 turns
 20249 | Orc:2    | Noticed an orc warlord
 20252 | Orc:2    | Noticed an orc warlord
 20260 | Orc:2    | Received a gift from Trog
 20268 | Orc:2    | Killed an orc warlord
 20299 | Orc:2    | Killed an orc warlord
 20733 | Orc:2    | Found Jenin's Book Shoppe.
 20761 | Orc:2    | Found a staircase to the Elven Halls.
 20786 | Orc:2    | Found Ymnikih's General Store.
 20845 | Orc:2    | Bought a wand of iceblast (4) for 96 gold pieces
 21188 | Orc:2    | Found Keboeh's Antique Armour Shop.
 21225 | Orc:2    | Bought a glowing tower shield for 195 gold pieces
 21602 | Orc:1    | Found a runed translucent door.
 21606 | Orc:1    | Noticed Voleoc's ghost (journeyman GrFi)
 22139 | D:13     | Reached XP level 16. HP: 143/143 MP: 6/15
 22197 | D:13     | Found a flagged portal.
 22258 | Bailey   | Entered a bailey
 22412 | Bailey   | Reached skill level 10 in Dodging
 22464 | Bailey   | Reached XP level 17. HP: 150/150 MP: 7/16
 22737 | D:13     | HP: 5/150 [catoblepas (4)]
 22737 | D:13     | Slain by a slime creature

Illustrated notes

Levels and vault maps discovered:
D:1:      giann_bridges, layout_loops_ring, hangedman_decor_clover_reticule
D:2:      layout_basic, first_ration, serial_forest,
          infiniplex_forest_clump_long, infiniplex_forest_corner_2,
          infiniplex_forest_clump_medium, infiniplex_forest_zigzag_1,
          infiniplex_forest_lined_room_, infiniplex_forest_lined_room_3,
          infiniplex_forest_straight_2, uniq_sigmund, uniq_robin, uniq_terence,
          uniq_jessica
D:3:      layout_loops_corners, old_standard_altar, old_standard_altar,
          okawaru_ov_weapons_minmay, uniq_natasha
D:4:      minmay_polygon_palace, layout_basic, old_standard_altar,
          ashenzari_conservatory_becter, gammafunk_ghost_nasty_kobolds,
          serial_shops, shop
D:5:      layout_cave_pools, minmay_temple_entry_enclosed_plants,
          uniq_prince_ribbit1
D:6:      layout_basic, vehumet_altar_wand_db, hangedman_decor_growths,
          st_stairs_9, uniq_eustachio
D:7:      layout_basic, kennysheep_mini_moat, basic_altar
D:8:      layout_basic, nicolae_overflow_crystal_walls, basic_altar,
          hangedman_ranch [blue_anna_fruit_fields]
D:9:      layout_long_grid, nicolae_qazlal_general_emergency, tgw_trog,
          nicolae_elemental_shop, uniq_grum, uniq_harold, uniq_gastronok
D:10:     layout_loops_cross, serial_rivers, chequers_serial_rivers_micro_b,
          chequers_serial_rivers_small_a, chequers_serial_rivers_micro_b,
          chequers_serial_rivers_room_a, chequers_serial_rivers_micro_e,
          chequers_serial_rivers_room_a, uniq_sonja
D:11:     layout_roguey, lair_entry_dummy, orc_0_dummy
D:12:     layout_roguey, serial_shops, nicolae_shop_crystal, special_room
          [special_room_orc], nicolae_blasting_shop,
          nicolae_dithmenos_through_a_glass_darkly
D:13:     layout_basic, skrybe_vaults_entry_preservation, enter_bailey_2
Lair:1:   layout_regular_city, beast_lair_carwin_9, grunt_megastairs_5
Lair:2:   layout_cave_pods, minmay_swamp_entry_reptiles,
          ebering_ghost_disaster_area, eino_small_chamber_without_monster,
          minivault_29, infiniplex_staircase_pool_2
Lair:3:   layout_small_grid, basic_altar, hibernation_bobbens,
          serial_bayou_shore_a
Lair:4:   layout_cave_pods, minmay_snake_entry_guardpost_medium, special_room
          [special_room_mythical_zoo]
Lair:5:   layout_misc_corridors, slime_altar_1
Lair:6:   evilmike_catoblepas_cave, layout_hall_layers, st_stairs_10
Orc:1:    layout_diamond_mine, ebering_ghost_reflecting_pool, mines4_lemuel
Orc:2:    grunt_orc_gardens, layout_caves, grunt_orc_garden, grunt_orc_garden,
          grunt_orc_garden, grunt_orc_garden, portal_ice_cave_entry_pillars_2,
          uniq_nessos

Skill      XL: |  1  2  3  4  5  6  7  8  9 10 11 12 13 14 15 16 |
---------------+-------------------------------------------------+-----
Axes           | 4 5 6 8 9 11 13 14 15 17 18 | 18.0
Fighting       | 4 5 6 7 8 9 10 11 12 13 | 13.5
Throwing       | 1 2 3 4 5 6 7 8 9 |  9.3
Armour         | 3 4 6 7 8 9 10 11 12 | 12.4
Shields        | 1 2 4 5 6 9 10 11 12 13 14 | 14.2
Dodging        | 3 4 5 6 7 8 9 10 | 10.3
Stealth        | 1 |  1.5
Invocations    | 2 3 |  3.7

Action                   |  1- 3 |  4- 6 |  7- 9 | 10-12 | 13-15 | 16-18 || total
-------------------------+-------+-------+-------+-------+-------+-------++-------
Melee: Hand axe          |    86 |   107 |    19 |    31 |    16 |       ||   259
       Headbutt          |     6 |    13 |    38 |   132 |   200 |    13 ||   402
       War axe           |       |       |   103 |       |       |       ||   103
       Broad axe         |       |       |   123 |   443 |   703 |    45 ||  1314
       Glaive            |       |       |       |     1 |       |       ||     1
Throw: Dart              |       |    24 |    17 |    22 |    25 |       ||    88
Invok: Berserk           |       |     2 |     3 |     3 |     1 |       ||     9
       Trog's Hand       |       |     1 |     4 |     7 |     5 |       ||    17
       Brothers in Arms  |       |       |       |     1 |     2 |       ||     3
Evoke: Wand              |       |       |     2 |       |     1 |       ||     3
  Use: Scroll            |       |     2 |     3 |    11 |    10 |     3 ||    29
       Potion            |       |       |       |    10 |     4 |     1 ||    15
 Stab: Petrified         |       |       |       |       |     3 |       ||     3
  Eat: Chunk             |     1 |     9 |     7 |    17 |    17 |     1 ||    52
       Ration            |       |       |     4 |     2 |     5 |       ||    11
Armor: Animal skin       |    16 |       |       |       |       |       ||    16
       Chain mail        |       |    38 |    85 |    43 |       |       ||   166
       Plate armour      |       |       |       |    56 |   205 |    47 ||   308
Dodge: Dodged            |    54 |    36 |    99 |    58 |   117 |    15 ||   379
Block: Buckler           |     8 |    13 |    36 |       |       |       ||    57
       Tower shield      |       |       |    21 |   531 |   670 |    78 ||  1300
       Reflection        |       |       |     2 |    21 |    20 |    30 ||    73
